 Dungeon Crawl Stone Soup version 0.30-a0-576-g89cddaab80 (webtiles) character file.

Game seed: 26869039052541890

2972 Newt the Cutter (level 9, -4/62 (65) HPs)
             Began as a Demonspawn Gladiator on Dec 30, 2022.
             Was a Priest of Dithmenos.
             Slain by a gnoll
             ... wielding a +0 trident
              (11 damage)
             ... in a bailey.
             The game lasted 00:16:28 (7298 turns).

Newt the Cutter (Demonspawn Gladiator)              Turns: 7298, Time: 00:16:28

HP:   -4/62 (65)    AC:  5    Str: 16    XL:     9   Next: 53%
MP:   5/15          EV: 13    Int: 10    God:    Dithmenos [***...]
Gold: 407           SH:  0    Dex: 17    Spells: 13/16 levels left

rFire   . . .      SeeInvis .    q - +9 short sword "Imp's Regret" {vamp, Will+ rCorr}
rCold   + . .      Faith    .    (no shield)
rNeg    . . .      Spirit   .    b - +0 leather armour
rPois   +          Reflect  .    c - +0 helmet
rElec   .          Harm     .    (no cloak)
rCorr   +          Rampage  .    (no gloves)
Will    +....                    y - +0 pair of boots
Stlth   ++++                     J - amulet of regeneration
HPRegen 1.10/turn                F - ring of protection from cold
MPRegen 0.14/turn                H - ring of poison resistance

@: about to teleport, very slightly contaminated, wreathed by umbra, lightly
drained
A: claws 2, demonic magic 1
a: Renounce Religion, Shadow Step


You were in a bailey.
You worshipped Dithmenos.
Dithmenos was most pleased with you.
You visited 1 branch of the dungeon, and saw 8 of its levels.
You also visited: Bailey.

You collected 407 gold pieces.

Inventory:

Hand Weapons
 a - a +0 heavy rapier
 q - the +9 short sword "Imp's Regret" (weapon) {vamp, Will+ rCorr}
   (You found it on level 2 of the Dungeon)

   It occasionally heals its wielder for a portion of the damage dealt when it
   wounds a living foe.
   rCorr:     It protects you from acid and corrosion.
   Will:      It increases your willpower.
Missiles
 e - a javelin
 j - 56 stones
 C - 6 boomerangs (quivered)
Armour
 b - a +0 leather armour (worn)
 c - a +0 helmet (worn)
 g - a +0 chain mail
 n - a +2 chain mail of poison resistance
 y - a +0 pair of boots (worn)
Jewellery
 F - a ring of protection from cold (left claw)
 G - a ring of protection from fire
 H - a ring of poison resistance (right claw)
 J - an amulet of regeneration (around neck)
 K - a +6 ring of dexterity
Wands
 k - a wand of acid (15)
 D - a wand of roots (7)
 I - a wand of digging (7)
Scrolls
 f - 2 scrolls of immolation
 h - a scroll of fog {unknown}
 l - 5 scrolls of teleportation
 r - a scroll of vulnerability
 s - a scroll of butterflies
 w - a scroll of enchant weapon
 x - a scroll of acquirement {unknown}
 A - a scroll of poison
 B - a scroll of noise
 M - a scroll of fear {unknown}
Potions
 i - a potion of haste
 m - a potion of degeneration
 p - a potion of lignification
 t - 2 potions of mutation
 v - a potion of heal wounds {unknown}
 z - a potion of resistance {unknown}
 E - a potion of brilliance {unknown}
 N - a potion of invisibility {unknown}


   Skills:
 - Level 4.0 Fighting
 - Level 7.0 Short Blades
 - Level 3.0 Throwing
 + Level 3.9 Armour
 - Level 4.0 Dodging
 - Level 5.0 Stealth
 - Level 0.7 Unarmed Combat
 - Level 4.0 Spellcasting
 - Level 5.0 Hexes


You had 13 spell levels left.
You knew the following spells:

 Your Spells              Type           Power      Damage    Failure   Level
a - Confusing Touch       Hex            12%        N/A       12%         3

Your spell library contained the following spells:

 Spells                   Type           Power      Damage    Failure   Level
 Necrotise                Necr           8%         1d4       30%         1
 Ozocubu's Armour         Ice            2%         N/A       65%         3
 Vampiric Draining        Necr           2%         2d6       65%         3
 Yara's Violent Unravell  Hex/Tmut       3%         3d4       96%         5
 Agony                    Necr           2%         N/A       100%        5
 Ozocubu's Refrigeration  Ice            1%         4d7       100%        7
 Necromutation            Tmut/Necr      1%         N/A       100%        8


Dungeon Overview and Level Annotations

Branches:
Dungeon (8/15)             Temple (0/1) D:4            Lair (0/5) D:8
 Bailey (1/1)

Altars:
Dithmenos
Kikubaaqudgha
Xom
Yredelemnul

Shops:
D:1 :

Annotations:
Bailey Grum


Innate Abilities, Weirdness & Mutations

You have very sharp fingernails.
Spells you cast may paralyse adjacent enemies.


Message History

The gnoll suddenly stops moving!
The gnoll sergeant hits Grum with a +0 halberd!!
Grum completely misses you.
The helpless gnoll fails to defend itself.
You hit the gnoll but do no damage. The wolf bites you.
The helpless gnoll fails to defend itself.
You hit the gnoll but do no damage.
The gnoll appears confused.
The gnoll sergeant seems less confused.
The gnoll sergeant hits you from afar with a +0 halberd.
The wolf closely misses you. The wolf barely misses you.
Grum closely misses you.
The helpless gnoll fails to defend itself.
You impale the gnoll!!
You kill the gnoll!
Dithmenos accepts your kill.
The wolf barely misses you. x2; The gnoll sergeant closely misses you.
Grum points his finger and shouts, "Spot!
Sic 'em!"
Grum closely misses you.
Casting: Confusing Touch (dangerous; 12% risk of failure)
Confirm with . or Enter, or press ? or * to list all spells.
You miscast Confusing Touch.
You are very lightly contaminated with residual magic.
Nothing appears to happen.
The wolf barely misses you. The wolf closely misses you. The wolf misses you.
The wolf bites you but does no damage.
The gnoll sergeant hits you from afar with a +0 halberd!
Grum growls.
Grum hits you from afar with a +0 spear!
* * * LOW HITPOINT WARNING * * *
The wolf attacks as you move away! The wolf bites you.
* * * LOW HITPOINT WARNING * * *
The wolf closely misses you.
As you read the scroll of teleportation, it crumbles to dust.
You feel strangely unstable. The wolf bites you.
* * * LOW HITPOINT WARNING * * *
The wolf bites you.
* * * LOW HITPOINT WARNING * * *
The wolf barely misses you. x2; The gnoll sergeant closely misses you.
The gnoll hits you from afar with a +0 trident!
You die...

♣≈#...#.......#
♣≈#...##..g..##
♣≈#..h.
♣≈#8g...##+##
♣≈#.....#...#
♣≈##....'...+
♣≈.## #...#
♣≈..#####)..####
♣≈....@hgg.......
♣≈≈))..hg........
♣♣≈≈≈≈≈≈≈≈≈≈≈≈≈≈≈
♣♣♣♣♣♣♣♣♣♣♣♣♣♣♣♣


You could see Grum, a gnoll sergeant, 2 wolves and a gnoll.

Vanquished Creatures
  A wyvern (D:7)
  Menkaure (D:7)
  A water moccasin (D:3)
  3 ice beasts
  2 orc warriors
  A sky beast (D:6)
  2 black bears
  2 centaurs
  A phantom (D:5)
  2 kobold brigands
  A gnoll sergeant (D:8)
  3 scorpions
  2 wights (D:8)
  A howler monkey (D:3)
  5 orc priests
  3 gnoll boudas
  4 hounds
  2 jellies (D:6)
  4 iguanas
  7 orc wizards
  20 gnolls
  7 adders
  A shadow imp (D:8)
  A white imp (D:6)
  3 ufetubi
  2 worms
  3 dart slugs
  34 orcs
  5 endoplasms
  4 giant cockroaches
  11 goblins
  6 hobgoblins
  12 jackals
  7 kobolds
  8 quokkas
  11 ball pythons
  6 bats
  4 frilled lizards
  5 rats
198 creatures vanquished.

Vanquished Creatures (others)
  4 fungi (D:8)
  2 plants (D:8)
6 creatures vanquished.

Grand Total: 204 creatures vanquished

Notes
Turn   | Place    | Note
-------+----------+-------------------------------------------
     0 | D:1      | Newt the Demonspawn Gladiator began the quest for the Orb.
     0 | D:1      | Reached XP level 1. HP: 16/16 MP: 1/1
    57 | D:1      | Reached skill level 1 in Stealth
    68 | D:1      | Gained mutation: You have sharp fingernails. [demonic
                  | ancestry]
    68 | D:1      | Reached XP level 2. HP: 12/22 MP: 2/2
   310 | D:1      | Gained mutation: You have very sharp fingernails. [demonic
                  | ancestry]
   310 | D:1      | Reached XP level 3. HP: 27/27 MP: 3/3
   635 | D:1      | Found Cutit's Book Emporium.
  1161 | D:2      | Identified the +9 short sword "Imp's Regret" {vamp, Will+
                  | rCorr}
  1254 | D:2      | Got the Secrets of Transmutation and Beguiling
  1279 | D:2      | Found a shadowy altar of Dithmenos.
  1443 | D:2      | Became a worshipper of Dithmenos the Shadowed
  1589 | D:2      | Gained mutation: Spells you cast may paralyse adjacent
                  | enemies. [demonic ancestry]
  1589 | D:2      | Reached XP level 4. HP: 31/33 MP: 4/4
  1753 | D:3      | Noticed a water moccasin
  1761 | D:3      | Killed a water moccasin
  1762 | D:3      | Reached skill level 4 in Short Blades
  1762 | D:3      | Reached XP level 5. HP: 37/38 MP: 5/5
  2224 | D:3      | Found a shimmering altar of Xom.
  2224 | D:3      | Found an ancient bone altar of Kikubaaqudgha.
  2224 | D:3      | Found a basalt altar of Yredelemnul.
  2285 | D:3      | Found a faded altar of an unknown god.
  2498 | D:3      | Reached skill level 5 in Short Blades
  2523 | D:4      | Reached XP level 6. HP: 44/44 MP: 6/6
  2723 | D:4      | Reached * piety under Dithmenos
  2797 | D:4      | Found a staircase to the Ecumenical Temple.
  3510 | D:4      | Noticed an ice beast
  3518 | D:4      | Killed an ice beast
  3519 | D:4      | Reached skill level 1 in Spellcasting
  3635 | D:5      | Entered Level 5 of the Dungeon
  3710 | D:5      | Reached XP level 7. HP: 51/54 MP: 8/10
  3820 | D:5      | Reached skill level 1 in Hexes
  3824 | D:5      | Learned a level 3 spell: Confusing Touch
  3958 | D:5      | Reached ** piety under Dithmenos
  4562 | D:5      | Found a shadowy altar of Dithmenos.
  4763 | D:6      | Reached skill level 5 in Hexes
  4763 | D:6      | Reached XP level 8. HP: 32/60 MP: 9/12
  6039 | D:7      | Reached skill level 5 in Stealth
  6065 | D:7      | Reached *** piety under Dithmenos
  6066 | D:7      | Reached skill level 6 in Short Blades
  6164 | D:7      | Reached XP level 9. HP: 52/65 MP: 12/15
  6249 | D:7      | Noticed Menkaure
  6262 | D:7      | Killed Menkaure
  6277 | D:7      | Reached skill level 7 in Short Blades
  6802 | D:8      | Found a staircase to the Lair.
  6830 | D:8      | Reached skill level 1 in Armour
  6855 | D:8      | Found a flagged portal.
  6915 | D:8      | Reached **** piety under Dithmenos
  7025 | Bailey   | Entered a bailey
  7283 | Bailey   | Noticed Grum
  7298 | Bailey   | Slain by a gnoll

Illustrated notes

Levels and vault maps discovered:
D:1:      saegor_arrival_miasma, layout_loops_ring, serial_shops, shop
D:2:      layout_loops_cross, basic_altar, grunt_ministairs_8,
          hangedman_decor_points, hangedman_feature_mirror
D:3:      layout_loops_ring, gammafunk_temple_overflow_claw,
          shapermc_ecumenical_altar_mp_vishouse, minmay_misc_feat_doors
D:4:      layout_basic, minmay_temple_entry_glass, minmay_cupped
D:5:      layout_rooms, nicolae_dithmenos_through_a_glass_darkly,
          chequers_serial_rivers_micro_b,
          hangedman_abyss_or_decor_jellyfish_corner, saegor_snake_ambush
D:6:      layout_basic, nrook_uturn
D:7:      layout_basic, minivault_22, uniq_menkaure
D:8:      layout_loops_ring, dpeg_oklobed_lair, enter_bailey_5,
          dreamdust_gnoll_shepherd
Bailey:   bailey_polearm_gnolls_kennysheep, bailey

Skill      XL: |  1  2  3  4  5  6  7  8  9 |
---------------+----------------------------+-----
Stealth        | 2 5 |  5.0
Throwing       | 2 3 |  3.0
Short Blades   | 4 5 6 7 |  7.0
Fighting       | 4 |  4.0
Spellcasting   | 2 3 4 |  4.0
Hexes          | 5 |  5.0
Dodging        | 4 |  4.0
Armour         | 3 |  3.9
Unarmed Combat | |  0.7

Action                   |  1- 3 |  4- 6 |  7- 9 || total
-------------------------+-------+-------+-------++-------
Melee: Rapier            |    87 |       |       ||    87
       Unarmed           |    57 |       |       ||    57
       Short sword       |    15 |   123 |   389 ||   527
       Punch             |     1 |       |     4 ||     5
Throw: Throwing net      |     3 |       |     3 ||     6
       Javelin           |     1 |       |     1 ||     2
       Stone             |     4 |       |       ||     4
       Boomerang         |       |     6 |    13 ||    19
 Cast: Confusing Touch   |       |       |    32 ||    32
Invok: Shadow Step       |       |       |     2 ||     2
Evoke: Wand              |       |       |     2 ||     2
  Use: Potion            |     1 |     1 |     3 ||     5
       Scroll            |     1 |     8 |     8 ||    17
 Stab: Sleeping          |     3 |       |     5 ||     8
       Paralysed         |       |       |    47 ||    47
       Confused          |       |       |     3 ||     3
       Held in net/web   |       |       |     2 ||     2
Armor: Leather armour    |    43 |       |    52 ||    95
       Chain mail        |    30 |    54 |    35 ||   119
Dodge: Dodged            |   110 |    23 |   247 ||   380

Table legend: (Time is in decaauts)
 A = Elapsed time spent in this place.
 B = Non-inter-level travel time spent in this place.
 C = Inter-level travel time spent in this place.
 D = Time resting spent in this place.
 E = Time spent auto-exploring this place.
 F = Levels seen in this place.
 G = Mean time per level.
                   A        B        C        D        E       F      G
               +--------+--------+--------+--------+--------+-----+--------+
         Total |   7185 |   6960 |    225 |    738 |   4794 |   9 |  798.3 |
       Dungeon |   6927 |   6702 |    225 |    616 |   4794 |   8 |  865.9 |
        Bailey |    257 |    257 |      0 |    122 |      0 |   1 |  257.0 |
               +--------+--------+--------+--------+--------+-----+--------+

Top non-repeatable levels by time:
     D:6: 1226 daAuts
     D:4: 1121 daAuts
     D:5: 1066 daAuts
     D:2: 860 daAuts
     D:3: 841 daAuts
     D:1: 791 daAuts
     D:7: 694 daAuts
     D:8: 326 daAuts
  Bailey: 257 daAuts
